 Dungeon Crawl Stone Soup version 0.17-a0-1997-ga88ed7d (webtiles) character file.

43 Maka the Insei (level 3, -5/28 HPs)
             Began as a Draconian Transmuter on Oct 8, 2015.
             Killed from afar by Natasha (9 damage)
             ... with a wand of magic darts
             ... on level 2 of the Dungeon.
             The game lasted 00:02:34 (1211 turns).

Maka the Insei (Draconian Transmuter)               Turns: 1211, Time: 00:02:34

Health: -5/28      AC:  6    Str: 12    XL:     3   Next: 37%
Magic:  6/6        EV: 12    Int: 13    God:
Gold:   96         SH:  0    Dex: 12    Spells: 1 memorised, 5 levels left

rFire  + . .     SeeInvis .       - Unarmed
rCold  x . .     Clarity  .     (armour unavailable)
rNeg   . . .     SustAt   .     (no shield)
rPois  .         Gourm    .     (helmet restricted)
rElec  .         Spirit   .     (no cloak)
rCorr  .         Warding  .     j - +0 pair of gloves
rMut   .         Stasis   .     (boots currently unavailable)
MR     .....                    (no amulet)
Stlth  +.........               (no ring)
                                d - ring of fire (curse)

@: appendage (expiring), slowed, very slow, not resistant to hostile
enchantments, very unstealthy
A: unfitting armour, talons 3, cold-blooded, AC +5
a: End Transformation


You were on level 2 of the Dungeon.
You were not hungry.
You had grown temporary talons.
You visited 1 branch of the dungeon, and saw 2 of its levels.

You collected 96 gold pieces.

Inventory:

Missiles
 a - 12 arrows
Armour
 j - a +0 pair of gloves (worn)
Jewellery
 d - a cursed ring of fire (left hand)
Scrolls
 e - a scroll of identify {unknown}
 f - 2 scrolls of remove curse {unknown}
 h - a scroll of fog {unknown}
 o - a scroll of fear {unknown}
Potions
 g - 2 potions of agility {unknown}
 i - a potion of mutation {unknown}
 k - a potion of curing {unknown}
 m - a potion of haste {unknown}
 n - a potion of might {unknown}
Books
 b - a book of Changes

   Spells                             Type                      Level
   a - Beastly Appendage              Transmutation                1
   b - Sticks to Snakes               Transmutation                2
   c - Spider Form                    Transmutation/Poison         3
   d - Ice Form                       Ice/Transmutation            4
   e - Blade Hands                    Transmutation                5
Comestibles
 c - a bread ration
 l - 2 meat rations


   Skills:
 - Level 1.1 Fighting
 - Level 1.7 Dodging
 + Level 4.4 Unarmed Combat
 - Level 2.0 Spellcasting
 - Level 2.0 Transmutations


You had 5 spell levels left.
You knew the following spells:

 Your Spells              Type           Power        Failure   Level  Hunger
a - Beastly Appendage     Trmt           #.....       12%         1    ##.....


Dungeon Overview and Level Annotations

Branches:
Dungeon (2/15)

Altars:

Annotations:
D:2 Natasha


Innate Abilities, Weirdness & Mutations

Your plain brown scales are hard (AC +5).
Your body does not fit into most forms of armour.
You are cold-blooded and may be slowed by cold attacks.
You have claws for feet.


Message History

You feel yourself slow down.
You barely miss Natasha. You claw Natasha.
Natasha is almost dead.
Natasha stares next to you and mumbles some strange words.
A cloud of flames roars to life!
Natasha zaps a wand.
The magic dart hits you!
You miss Natasha. Your kick misses Natasha.
Natasha is almost dead.
Natasha wildly gestures.
Natasha glows brightly for a moment.
Natasha zaps a wand.
The magic dart hits you!
You hit Natasha but do no damage.
Natasha is almost dead.
Natasha zaps a wand.
The magic dart hits you!
* * * LOW HITPOINT WARNING * * *
The white imp shouts, "Remove thy stench, thou simpering moldwarp fleecer!"
You barely miss Natasha.
Your tail-slap misses Natasha.
Natasha is almost dead.
The white imp disappears in a puff of smoke!
Natasha closely misses you.
Natasha zaps a wand.
The magic dart hits you!
You die...

#. ##.. .#.# ##'
#..# #. #..# #.
... ####. #.#
#.†.. #####.#####
#....
#.h§......####.#..
#@###.###5##......
#§# #........#.##.
#.# #####.####....
#..h.5....# ####.
########### #. ##


You could see Natasha.

Vanquished Creatures
  2 worms (D:2)
  4 bats (D:1)
  A giant cockroach (D:1)
  5 hobgoblins
  3 giant newts
  7 goblins
  4 jackals (D:1)
  3 kobolds
  8 rats
37 creatures vanquished.

Notes
Turn   | Place    | Note
--------------------------------------------------------------
     0 | D:1      | Maka the Draconian Transmuter began the quest for the Orb.
     0 | D:1      | Reached XP level 1. HP: 16/16 MP: 3/3
   221 | D:1      | Reached XP level 2. HP: 21/23 MP: 5/5
   614 | D:1      | Reached skill level 4 in Unarmed Combat
   982 | D:2      | Reached XP level 3. HP: 28/28 MP: 4/6
  1191 | D:2      | Noticed Natasha
  1211 | D:2      | Killed from afar by Natasha

Vault maps used:
D:1:      dpeg_arrival_triangle_fractal, fountainhead,
          kennysheep_decorative_pillar, minmay_surrounded
D:2:      lemuel_flame_loot_1, uniq_natasha

Action                   || total
-------------------------++-------
Melee: Unarmed           ||   147
 Cast: Beastly Appendage ||     3
  Eat: Chunk             ||     1
